 Dungeon Crawl Stone Soup version 0.30-a0-462-gd5975efbca (webtiles) character file.

Game seed: 15126018904244984076

2923 MackTheKnife the Cleaver (level 9, -6/88 HPs)
             Began as a Naga Fighter on Dec 16, 2022.
             Killed from afar by an orc wizard (10 damage)
             ... with a puff of flame
             ... on level 7 of the Dungeon.
             The game lasted 00:10:59 (8054 turns).

MackTheKnife the Cleaver (Naga Fighter)             Turns: 8054, Time: 00:10:59

Health: -6/88      AC: 11    Str: 22    XL:     9   Next: 79%
Magic:  0/9        EV:  7    Int: 10    God:
Gold:   272        SH:  4    Dex: 10    Spells: 8/8 levels left

rFire   . . .      SeeInvis +    a - +1 war axe (venom) {axe}
rCold   . . .      Faith    .    c - +0 buckler
rNeg    . . .      Spirit   +    b - +0 scale mail
rPois   +          Reflect  .    C - +0 helmet
rElec   .          Harm     .    n - +2 cloak
rCorr   +          Rampage  .    d - +0 pair of gloves
Will    ++...                    (no barding)
Stlth   ..........               g - amulet of guardian spirit
HPRegen 0.34/turn                i - ring of resist corrosion
MPRegen 0.11/turn                e - ring of willpower

@: very slow
A: AC +3, large, see invisible, deformed body, poison resistance, slowness 2,
spit poison 1, naga tail 1
a: Spit Poison


You were on level 7 of the Dungeon.
You visited 2 branches of the dungeon, and saw 8 of its levels.

You collected 337 gold pieces.
You spent 65 gold pieces at shops.


Innate Abilities, Weirdness & Mutations

Your serpentine skin is tough. (AC +3)
You have supernaturally acute eyesight. (SInv)
Armour fits poorly on your strangely shaped body.
Your system is resistant to poisons. (rPois)
You cover ground very slowly.
You can spit poison.
You have a snake-like lower body.


   Skills:
 + Level 8.1 Fighting
 + Level 11.1 Axes
 - Level 2.4 Armour
 - Level 2.6 Shields


You had 8 spell levels left.
You didn't know any spells.
Your spell library contained the following spells:

 Spells                   Type           Power      Damage    Failure   Level
 Vhi's Electric Charge    Tloc/Air       0%         N/A       98%         3
 Arcjolt                  Conj/Air       0%         1d10      100%        5
 Maxwell's Capacitive Co  Air            0%         ∞         100%        8

Inventory:

Hand Weapons
 a - a +1 war axe of venom (weapon) {axe}
 h - a +2 short sword of venom {short}
   (You took it off Duvessa on level 6 of the Dungeon)
 o - a +3 dagger of flaming {short}
   (You took it off Dowan on level 6 of the Dungeon)
Missiles
 f - 6 poisoned darts {throwing}
Armour
 b - a +0 scale mail (worn)
 c - a +0 buckler (worn)
 d - a +0 pair of gloves (worn)
   (You found it on level 6 of the Dungeon)
 j - a +0 ring mail
   (You took it off a gnoll sergeant on level 7 of the Dungeon)
 m - a +0 ring mail
   (You took it off Duvessa on level 6 of the Dungeon)
 n - a +2 cloak (worn)
   (You found it on level 1 of the Dungeon)
 p - a +1 robe of fire resistance
   (You took it off Jessica on level 2 of the Dungeon)
 s - a +0 robe
   (You found it on level 2 of the Dungeon)
 u - a +0 ring mail
   (You found it on level 2 of the Dungeon)
 v - a +0 robe
   (You found it on level 2 of the Dungeon)
 w - a +0 leather armour
   (You found it on level 2 of the Dungeon)
 A - a +0 ring mail
   (You found it on level 3 of the Dungeon)
 B - a +0 animal skin
   (You took it off Robin on level 3 of the Dungeon)
 C - a +0 helmet (worn)
   (You took it off Robin on level 3 of the Dungeon)
 D - a +0 ring mail
   (You found it on level 3 of the Dungeon)
 E - a +0 leather armour
   (You took it off an orc on level 7 of the Dungeon)
 G - a +0 chain mail
   (You found it on level 4 of the Dungeon)
 H - a +0 robe
   (You found it on level 4 of the Dungeon)
 I - a +0 chain mail
   (You took it off an orc on level 7 of the Dungeon)
 J - a +0 chain mail
   (You took it off Edmund on level 4 of the Dungeon)
 L - a +0 leather armour
   (You took it off an orc on level 4 of the Dungeon)
 N - a +0 ring mail
   (You took it off an orc on level 4 of the Dungeon)
 O - a +0 leather armour
   (You took it off a gnoll bouda on level 7 of the Dungeon)
 P - a +0 ring mail
   (You found it on level 4 of the Dungeon)
 Q - a +0 robe
   (You found it on level 4 of the Dungeon)
 T - a +0 leather armour
   (You took it off an orc on level 5 of the Dungeon)
 U - a +0 leather armour
   (You found it on level 5 of the Dungeon)
 V - a +0 chain mail
   (You found it on level 5 of the Dungeon)
 W - a +0 robe
   (You found it on level 5 of the Dungeon)
 Y - a +2 leather armour of poison resistance
   (You took it off Eustachio on level 6 of the Dungeon)
Jewellery
 e - a ring of willpower (right hand)
   (You found it on level 7 of the Dungeon)
 g - an amulet of guardian spirit (around neck)
   (You took it off a kobold on level 2 of the Dungeon)
 i - a ring of resist corrosion (left hand)
   (You found it on level 1 of the Dungeon)
 y - a ring of wizardry
   (You found it on level 7 of the Dungeon)
 z - an amulet of faith {!P}
   (You found it on level 3 of the Dungeon)
Wands
 S - a wand of paralysis (10)
   (You found it on level 5 of the Dungeon)
Scrolls
 l - 2 scrolls of magic mapping {!r}
 q - a scroll of silence {!r}
 x - a scroll of blinking {!r}
 F - a scroll of enchant weapon
 X - a scroll of fog
Potions
 r - 2 potions of flight
 t - a potion of resistance
 M - 3 potions of brilliance

Dungeon Overview and Level Annotations

Branches:
Dungeon (7/15) Zot: 26020  Temple (1/1) D:5 Zot: 5958

Altars:
Dithmenos
Elyvilon
Fedhas
Gozag
Hepliaklqana
Kikubaaqudgha
Nemelex Xobeh
Okawaru
Qazlal
Ru
Sif Muna
Trog
Uskayaw
Vehumet
Wu Jian
Yredelemnul
Zin
The Shining One

Shops:
D:4 ==!?!

Annotations:
Temple 2 transporters

)# .# . #.#
.. ##..# ..
##..# # #'
#..# #.$#W
#†.#
#$....#@.##
#oo..##
#.....#†#..#
#.$#$.#.##.##
# #'###..#..#
..#..##..#.#
..#
#..##...## #
#+## .#
#..##...# #
#..# #..#.#.#


You could see an orc priest (extremely poisoned) and an orc wizard (resistant,
invisible).


Message History

You hear a shout!
A white imp comes into view.
The orc wizard drinks a potion.
The orc wizard suddenly seems more resistant.
The shadow hits you. 😱 MP[+1]
You slash the shadow!
You destroy the shadow!
The white imp puffs mist at you.
Your Fighting skill increases to level 8!
Your Axes skill increases to level 11!
You barely miss the phantom.
The phantom hits you but does no damage. 😱 HP[+1]
You miss the phantom. The phantom hits you.
* * * LOW HITPOINT WARNING * * *
😱 HP[-1]
You take 1 damage, and now have 6/88 hp.
You closely miss the phantom.
The phantom hits you but does no damage.
Unknown command.
You barely miss the phantom. The phantom hits you.
* * * LOW HITPOINT WARNING * * *
😱 HP[-2] MP[-1]
You take 2 damage, and now have 4/88 hp.
You lost 1 mp, and now have 1/9 mp.
Unknown command.
You hit the phantom but do no damage.
The phantom hits you but does no damage.
Unknown command.
You slash the phantom! The phantom barely misses you.
Unknown command.
You feel better.
The phantom hits you but does no damage. 😱 HP[+12]
You regained 12 hp, and now have 16/88 hp.
Okay, then.
You hit the phantom. The phantom hits you.
* * * LOW HITPOINT WARNING * * *
😱 HP[-3]
You take 3 damage, and now have 13/88 hp.
You slash the phantom! You block the phantom's attack.
The white imp grinds its teeth.
You closely miss the phantom.
The phantom completely misses you. 😱 HP[+1]
You slice the phantom!!
You destroy the phantom!
You slash the orc!
You kill the orc!
The orc wizard mumbles some strange words.
The orc wizard flickers and vanishes for a moment.
You barely miss the white imp. The white imp gestures at you.
The puff of frost hits you!
* * * LOW HITPOINT WARNING * * *
😱 HP[-7] MP[-1]
You take 7 damage, and now have 7/88 hp.
You lost 1 mp, and now have 0/9 mp.
You completely miss the white imp. The white imp gestures at you.
The puff of frost hits you but does no damage.
You closely miss the white imp. The white imp completely misses you.
Press: ? - help, v - describe, . - travel
Here: an orc wizard, wielding a +0 hand axe and wearing a +0 robe (unusually resistant, slightly transparent)
The floor.
Unknown command.
Unknown command.
Unknown command.
You slash the white imp! The white imp gestures at you.
The puff of frost hits you but does no damage. 😱 HP[+1] Unknown command.
You hit the white imp.
You kill the white imp!
Unknown command.
You hit the orc priest.
The orc priest is poisoned.
The orc priest closely misses you. 😱 MP[+1] Unknown command.
You completely miss the orc priest. The orc wizard casts a spell at you.
The magic dart hits you.
* * * LOW HITPOINT WARNING * * *
😱 HP[-1]
You take 1 damage, and now have 7/88 hp.
Unknown command.
You hit the orc priest but do no damage.
The orc priest looks as sick as possible!
The orc priest hits you with a +0 club.
* * * LOW HITPOINT WARNING * * *
😱 HP[-3] MP[-1]
You take 3 damage, and now have 4/88 hp.
You lost 1 mp, and now have 0/9 mp.
Unknown command.
You barely miss the orc priest. You slash the orc wizard!
You block the orc priest's attack.
The orc wizard gestures at you while chanting.
The puff of flame hits you!
You die...

Skill      XL: |  1  2  3  4  5  6  7  8  9 |
---------------+----------------------------+-----
Axes           | 3 5 6 7 8 10 11 | 11.1
Fighting       | 4 6 8 |  8.1
Armour         | |  2.4
Shields        | |  2.6

Action                   |  1- 3 |  4- 6 |  7- 9 || total
-------------------------+-------+-------+-------++-------
Melee: War axe           |    63 |    89 |   335 ||   487
       Unarmed           |       |       |     3 ||     3
Throw: Dart              |     5 |     1 |       ||     6
 Abil: Spit Poison       |    24 |    10 |    14 ||    48
Evoke: Wand              |       |       |     6 ||     6
  Use: Potion            |     3 |     1 |    13 ||    17
       Scroll            |       |       |    14 ||    14
 Stab: Paralysed         |       |       |     5 ||     5
Armor: Scale mail        |    41 |    52 |   231 ||   324
       Skin              |       |       |    28 ||    28
Dodge: Dodged            |    32 |    37 |   144 ||   213
Block: Buckler           |    11 |    12 |    79 ||   102

Levels and vault maps discovered:
D:1:      dpeg_arrival_circle_labyrinth_a, layout_loops_corners,
          shapermc_ecumenical_altar_pompeii
D:2:      layout_loops_ring, uniq_jessica, uniq_sigmund
D:3:      layout_basic, kennysheep_generic_room_4, uniq_terence, uniq_grinder,
          uniq_robin
D:4:      layout_loops_cross, serial_shops, nicolae_inconvenience_store, shop,
          shop, nicolae_square_shop, shop, minmay_misc_feat_iff, uniq_edmund
D:5:      layout_gridville, minmay_temple_entry_metal_lava, dk_noncrumbling_3,
          eino_small_chamber_without_monster, uniq_menkaure
D:6:      layout_loops_corners, minmay_misc_feat_doors, uniq_duvessa,
          uniq_eustachio
D:7:      minmay_the_grid_octo_tiled_octocenter
          [minmay_the_grid_octo_tetromino_candy,
          minmay_the_grid_octo_fat_diamond, minmay_the_grid_octo_pinwheel,
          minmay_the_grid_octo_concentric,
          minmay_the_grid_octo_prize_single_spiral,
          minmay_the_grid_square_5x5_broken_cross,
          minmay_the_grid_square_5x5_moneybag,
          minmay_the_grid_square_5x5_minimal, minmay_the_grid_square_5x5_two],
          layout_loops_ring, makhleb_altar_promises_db, serial_shops,
          nicolae_shop_hallway_plus, amcnicky_mini_pool_small,
          hangedman_minor_gate_pass
Temple:   hellmonk_temple_divided_pantheon

Notes
Turn   | Place    | Note
-------+----------+-------------------------------------------
     0 | D:1      | MackTheKnife the Naga Fighter began the quest for the Orb.
     0 | D:1      | Reached XP level 1. HP: 21/21 MP: 1/1
     0 | D:1      | magus.rc [v1.9.6]
   334 | D:1      | Reached XP level 2. HP: 15/28 MP: 2/2
   469 | D:1      | Reached skill level 3 in Axes
   802 | D:1      | Reached XP level 3. HP: 34/34 MP: 3/3
   802 | D:1      | Found a faded altar of an unknown god.
  1224 | D:2      | Noticed Sigmund
  1237 | D:2      | HP: 6/34 [Sigmund/+0 scythe (8)]
  1270 | D:2      | HP: 6/34 [Sigmund/+0 scythe (6)]
  1273 | D:2      | Killed Sigmund
  1274 | D:2      | Reached skill level 5 in Axes
  1274 | D:2      | Reached XP level 4. HP: 9/42 MP: 4/4
  1274 | D:2      | Reached XP level 5. HP: 10/49 MP: 5/5
  1280 | D:2      | HP: 11/49 [rat (1)]
  1646 | D:2      | Noticed Jessica
  1654 | D:2      | Killed Jessica
  1655 | D:2      | Reached skill level 6 in Axes
  1835 | D:2      | Reached XP level 6. HP: 55/56 MP: 6/6
  2330 | D:3      | HP: 12/56 [ogre/+0 giant club (21)]
  2664 | D:3      | Noticed Robin
  2706 | D:3      | Killed Robin
  2823 | D:3      | Noticed Grinder
  2831 | D:3      | Paralysed by Grinder for 5 turns
  2836 | D:3      | Killed Grinder
  2837 | D:3      | Reached skill level 7 in Axes
  2837 | D:3      | Reached XP level 7. HP: 38/62 MP: 3/7
  2972 | D:3      | Noticed Terence
  2982 | D:3      | Killed Terence
  2983 | D:3      | Reached skill level 8 in Axes
  3643 | D:4      | Noticed Edmund
  3714 | D:4      | Killed Edmund
  3812 | D:4      | Found Vessynic's Distillery.
  3820 | D:4      | Bought a potion of heal wounds for 65 gold pieces
  3845 | D:4      | Found Ulada's Distillery.
  3860 | D:4      | Found Conkaog's Magic Scroll Shoppe.
  4259 | D:4      | Found Somai's Jewellery Shop.
  4490 | D:4      | Found Qathramumm's Jewellery Emporium.
  4629 | D:5      | Entered Level 5 of the Dungeon
  4780 | D:5      | Reached skill level 4 in Fighting
  4780 | D:5      | Reached XP level 8. HP: 72/72 MP: 8/8
  5201 | D:5      | Noticed Menkaure
  5209 | D:5      | Killed Menkaure
  5210 | D:5      | Reached skill level 9 in Axes
  5410 | D:5      | Reached skill level 5 in Fighting
  5553 | D:5      | Found a staircase to the Ecumenical Temple.
  5559 | Temple   | Entered the Ecumenical Temple
  5559 | Temple   | Found a transporter.
  5559 | Temple   | Found a transporter.
  5561 | Temple   | Found a transporter.
  5561 | Temple   | Found a transporter.
  5604 | D:5      | You add the spells Vhi's Electric Charge, Arcjolt and
                  | Maxwell's Capacitive Coupling to your library.
  5891 | D:6      | Noticed Eustachio
  5929 | D:6      | Killed Eustachio
  6213 | D:6      | Noticed Duvessa
  6213 | D:6      | Noticed Dowan
  6222 | D:6      | Killed Dowan
  6224 | D:6      | HP: 14/76 [Duvessa/+2 short sword of venom (11)]
  6226 | D:6      | HP: 4/76 [Duvessa/+2 short sword of venom (14)]
  6231 | D:6      | Killed Duvessa
  6231 | D:6      | HP: 7/76 [poisoned by Duvessa]
  6232 | D:6      | Reached skill level 6 in Fighting
  6235 | D:6      | HP: 3/76 [poisoned by Duvessa]
  6627 | D:6      | Reached skill level 10 in Axes
  6627 | D:6      | Reached XP level 9. HP: 78/84 MP: 9/9
  7393 | D:7      | HP: 18/85 [gnoll/+0 halberd[a gnoll bouda] (8)]
  7806 | D:7      | Reached skill level 7 in Fighting
  7988 | D:7      | HP: 21/86 [wight/+0 spear (4)]
  7993 | D:7      | HP: 29/129 [wight/+0 spear (4)]
  7998 | D:7      | HP: 21/129 [poisoned by a water moccasin]
  8000 | D:7      | HP: 7/127 [water moccasin (4)]
  8019 | D:7      | HP: 22/88 [shadow (6)]
  8028 | D:7      | HP: 22/88 [shadow (5)]
  8031 | D:7      | HP: 6/88 [shadow (8)]
  8034 | D:7      | Reached skill level 8 in Fighting
  8034 | D:7      | Reached skill level 11 in Axes
  8037 | D:7      | HP: 4/88 [phantom (3)]
  8046 | D:7      | HP: 7/88 [white imp/puff of frost (8)]
  8052 | D:7      | HP: 7/88 [orc wizard/magic dart (2)]
  8054 | D:7      | Killed from afar by an orc wizard

Vanquished Creatures
  Grinder (D:3)
  A shadow (D:7)
  Sigmund (D:2)
  Eustachio (D:6)
  A steam dragon (D:7)
  Edmund (D:4)
  Menkaure (D:5)
  A water moccasin (D:7)
  Duvessa (D:6)
  A black bear (D:6)
  3 ogres
  3 phantoms
  A gnoll sergeant (D:7)
  A necrophage (D:5)
  A wight (D:7)
  Dowan (D:6)
  6 killer bees (D:7)
  A howler monkey (D:7)
  An orc priest (D:4)
  2 hounds
  2 gnoll boudas (D:7)
  Jessica (D:2)
  Terence (D:3)
  An iguana (D:4)
  An orc wizard (D:7)
  Robin (D:3)
  8 gnolls (D:7)
  10 adders
  3 white imps
  4 ufetubi
  A worm (D:2)
  2 dart slugs (D:4)
  13 orcs
  11 ball pythons
  5 bats
  6 endoplasms
  3 giant cockroaches
  14 goblins
  13 hobgoblins
  6 kobolds
  6 quokkas
  3 frilled lizards
  5 rats
150 creatures vanquished.

Table legend:
 A = Non-vault XP
 B = Vault XP
 C = Vault XP percentage of total XP
 D = Non-vault monster count
 E = Vault monster count
 F = Vault count percentage of total count
                 A         B        C        D         E       F
            +---------+---------+-------+---------+---------+-------
      Total |    2000 |    2176 |  52.1 |     119 |      31 |  20.7
            +---------+---------+-------+---------+---------+-------
        D:1 |      44 |       0 |   0.0 |      25 |       0 |   0.0
        D:2 |      28 |     251 |  90.0 |      15 |       2 |  11.8
        D:3 |     166 |     374 |  69.3 |      14 |      15 |  51.7
        D:4 |     150 |     169 |  53.0 |      22 |       1 |   4.3
        D:5 |     407 |     169 |  29.3 |       9 |       1 |  10.0
        D:6 |     354 |     422 |  54.4 |      11 |       3 |  21.4
        D:7 |     851 |     791 |  48.2 |      23 |       9 |  28.1
            +---------+---------+-------+---------+---------+-------

Illustrated notes

Table legend:
 A = Kills in this place as a percentage of kills in entire the game.
 B = Kills by you in this place as a percentage of kills by you in the entire game.
 C = Kills by friends in this place as a percentage of kills by friends in the entire game.
 D = Other kills in this place as a percentage of other kills in the entire game.
 E = Experience gained in this place as a percentage of experience gained in the entire game.
 F = Experience gained in this place divided by the number of levels of this place that you have seen.
                   A       B       C       D       E      F
               +-------+-------+-------+-------+-------+----------------------
         Total | 100.0 | 100.0 |   N/A |   N/A | 100.0 | 522.0
       Dungeon | 100.0 | 100.0 |   N/A |   N/A | 100.0 | 596.6
               +-------+-------+-------+-------+-------+----------------------

Table legend: (Time is in decaauts)
 A = Elapsed time spent in this place.
 B = Non-inter-level travel time spent in this place.
 C = Inter-level travel time spent in this place.
 D = Time resting spent in this place.
 E = Time spent auto-exploring this place.
 F = Levels seen in this place.
 G = Mean time per level.
                   A        B        C        D        E       F      G
               +--------+--------+--------+--------+--------+-----+--------+
         Total |   9984 |   9644 |    340 |   1753 |   6646 |   8 | 1248.0 |
       Dungeon |   9942 |   9615 |    327 |   1753 |   6646 |   7 | 1420.3 |
        Temple |     41 |     29 |     12 |      0 |      0 |   1 |   41.0 |
               +--------+--------+--------+--------+--------+-----+--------+

Top non-repeatable levels by time:
     D:6: 1650 daAuts
     D:3: 1629 daAuts
     D:4: 1498 daAuts
     D:5: 1460 daAuts
     D:1: 1433 daAuts
     D:2: 1291 daAuts
     D:7: 978 daAuts
  Temple: 41 daAuts
